 Dungeon Crawl Stone Soup version 0.22-a0-402-ga933591 (webtiles) character file.

12400 Mgcat the Grappler (level 11, -8/113 HPs)
             Began as a Troll Fighter on May 6, 2018.
             Was an Elder of Makhleb.
             Mangled by a five-headed hydra (12 damage)
             ... on level 10 of the Dungeon.
             The game lasted 00:24:29 (8911 turns).

Mgcat the Grappler (Troll Fighter)                  Turns: 8911, Time: 00:24:30

Health: -8/113     AC:  7    Str: 24    XL:     11   Next: 61%
Magic:  15/15      EV: 10    Int:  7    God:    Makhleb [****..]
Gold:   833        SH: 10    Dex:  9    Spells: 10/10 levels left

rFire    . . .     SeeInvis .     - Unarmed
rCold    + . .     Gourm    +   g - +0 shield
rNeg     + . .     Faith    .   A - +2 robe {rC+}
rPois    .         Spirit   .   (helmet restricted)
rElec    .         Reflect  .   (no cloak)
rCorr    .         Harm     .   (gloves unavailable)
MR       .....                  (boots unavailable)
Stlth    ++........             k - amulet of the acrobat
HPRegen  0.68/turn              c - ring of positive energy {rN+}
MPRegen  0.14/turn              C - ring of stealth {Stlth+}

@: about to teleport
A: large, unfitting armour, claws 3, fast metabolism 3, gourmand, regeneration
1, shaggy fur 1, tough skin 2, weak 1
a: Minor Destruction, Lesser Servant of Makhleb, Major Destruction, Renounce
Religion


You were on level 10 of the Dungeon.
You worshipped Makhleb.
Makhleb was greatly pleased with you.
You were completely stuffed.

You visited 1 branch of the dungeon, and saw 11 of its levels.
You also visited: Ossuary.

You collected 1055 gold pieces.
You spent 222 gold pieces at shops.

Inventory:

Hand Weapons
 b - a +1 short sword
   (You took it off a kobold on level 1 of the Dungeon)
Missiles
 x - 2 throwing nets {=f, !d}
Armour
 g - a +0 shield (worn)
 A - a +2 robe of cold resistance (worn)
   (You bought it in a shop on level 8 of the Dungeon)
 B - a +0 robe of resistance
   (You bought it in a shop on level 8 of the Dungeon)
 D - a +0 troll leather armour {regen}
   (You found it on level 11 of the Dungeon)
Magical Staves
 y - an uncursed staff of wizardry {wiz+, !a}
   (You took it off an orc on level 8 of the Dungeon)
Jewellery
 c - a ring of positive energy (left claw) {rN+}
   (You found it on level 5 of the Dungeon)
 k - an amulet of the acrobat (around neck)
   (You took it off a gnoll on level 4 of the Dungeon)
 C - a ring of stealth (right claw) {Stlth+}
   (You found it on level 9 of the Dungeon)
Wands
 a - a wand of flame (56)
   (You took it off a crimson imp on level 8 of the Dungeon)
 w - a wand of paralysis (8)
   (You found it on level 11 of the Dungeon)
 z - a wand of scattershot (3)
   (You found it on level 9 of the Dungeon)
Scrolls
 f - 4 scrolls of remove curse
 h - 7 scrolls of identify
 j - 2 scrolls of magic mapping {!r}
 o - 3 scrolls of teleportation
 r - 2 scrolls of enchant weapon
 t - a scroll of fog
Potions
 e - 2 potions of magic
 i - a potion of ambrosia {unknown}
 l - 5 potions of curing
 m - 3 potions of mutation {!q}
 n - a potion of berserk rage {unknown}
 p - 3 potions of brilliance {unknown}
 q - a potion of degeneration {unknown}
 s - a potion of flight {unknown}
 u - 4 potions of haste {unknown}
 v - 2 potions of agility {unknown}
Comestibles
 d - 27 rations
 E - 2 chunks of flesh {@w0}


   Skills:
 + Level 8.9 Fighting
 + Level 3.7 Dodging
 + Level 7.6 Shields
 + Level 10.3 Unarmed Combat
 + Level 7.3 Invocations


You had 10 spell levels left.
You didn't know any spells.

Dungeon Overview and Level Annotations

Branches:
Dungeon (11/15)            Temple (0/1) D:5            Lair (0/6) D:11
    Orc (0/2) D:11

Altars:
Elyvilon
Fedhas
Hepliaklqana
Kikubaaqudgha
Makhleb
Nemelex Xobeh
Okawaru
Qazlal
Uskayaw
Xom
Zin

Shops:
D:4 %   D:8 [


Innate Abilities, Weirdness & Mutations

You are too large for most types of armour.
You have claws for hands.
Your metabolism is lightning-fast.
You like to eat raw meat.
Your natural rate of healing is unusually fast.
You are covered in fur. (AC +1)
You have very tough skin. (AC +2)
You are weak. (Str -2)


Message History

The killer bee is moderately wounded.
The killer bee stings you but does no damage.
The killer bee barely misses you.
You miss the killer bee.
The killer bee is moderately wounded.
You block the killer bee's attack.
Press: ? - help, Shift-Dir - straight line, f - killer bee
Aim: a killer bee (moderately wounded)
The puff of flame hits the killer bee.
The killer bee is severely wounded.
The killer bee barely misses you. You block the killer bee's attack.
You closely miss the killer bee.
The killer bee is severely wounded.
The killer bee stings you. x2
* * * LOW HITPOINT WARNING * * *
Press: ? - help, Shift-Dir - straight line, f/p - killer bee
Aim: a killer bee (severely wounded)
The killer bee writhes in agony!
You kill the killer bee!
Makhleb accepts your kill.
Some of the chunks of flesh in your inventory have rotted away.
Eating one of 4 chunks of flesh {@w0}.
You eat one of the 4 chunks of flesh {@w0}.
This raw flesh tastes great.
Some of the chunks of flesh in your inventory have rotted away.
HP restored.
Partly explored, can't reach some places.
Partly explored, can't reach some places.
Partly explored, can't reach some places.
Partly explored, can't reach some places.
Partly explored, can't reach some places.
You start resting.
HP restored.
There is a stone staircase leading down here.
You climb downwards.
The five-headed hydra misses you.
The five-headed hydra bites you but does no damage. x2
The five-headed hydra closely misses you.
The five-headed hydra bites you. The five-headed hydra bites you!
You block the five-headed hydra's attack.
The five-headed hydra bites you.
The five-headed hydra barely misses you.
The five-headed hydra bites you!
There is a stone staircase leading up here.
You block the five-headed hydra's attack. x2
The five-headed hydra bites you!
You block the five-headed hydra's attack.
The five-headed hydra bites you!
You climb upwards.
There is a stone staircase leading down here.
Press: ? - help, Shift-Dir - straight line, f - five-headed hydra
Aim: a five-headed hydra The orb of electricity explodes!
The orb of electricity engulfs the five-headed hydra.
The five-headed hydra is lightly wounded.
The orb of electricity engulfs you! The five-headed hydra bites you.
The five-headed hydra barely misses you.
You block the five-headed hydra's attack.
The five-headed hydra bites you.
The five-headed hydra bites you but does no damage.
Press: ? - help, Shift-Dir - straight line, f/p - five-headed hydra
Aim: a five-headed hydra (lightly wounded)
The bolt of negative energy hits the five-headed hydra.
The five-headed hydra is drained!
The five-headed hydra is moderately wounded.
You can no longer summon a greater servant of Makhleb.
You block the five-headed hydra's attack.
The five-headed hydra barely misses you.
The five-headed hydra bites you!
The five-headed hydra bites you but does no damage.
The five-headed hydra completely misses you.
Press: ? - help, Shift-Dir - straight line, f/p - five-headed hydra
Aim: a five-headed hydra (moderately wounded, lightly drained)
You fail to use your ability.
The five-headed hydra bites you.
* * * LOW HITPOINT WARNING * * *
You block the five-headed hydra's attack. x2
The five-headed hydra bites you!
* * * LOW HITPOINT WARNING * * *
The five-headed hydra completely misses you.
You feel better.
You block the five-headed hydra's attack.
The five-headed hydra misses you.
The five-headed hydra bites you but does no damage.
The five-headed hydra bites you.
* * * LOW HITPOINT WARNING * * *
You block the five-headed hydra's attack.
Okay, then.
Evoke which item? (* to show all) (? for menu, Esc to quit)
Aiming: Paralyse
Press: ? - help, Shift-Dir - straight line, f/p - five-headed hydra
Aim: a five-headed hydra (moderately wounded, lightly drained, chance to defeat MR: 18%)
The five-headed hydra resists with almost no effort.
The five-headed hydra closely misses you.
The five-headed hydra bites you!
* * * LOW HITPOINT WARNING * * *
The five-headed hydra bites you!
* * * LOW HITPOINT WARNING * * *
You block the five-headed hydra's attack. x2
As you read the scroll of teleportation, it crumbles to dust.
You feel strangely unstable. The five-headed hydra bites you!
You die...

#..# #.......###..###.# #.....#
###.# #.###.#..#...##..# #....(#
# #.# ##†# #.##......#.## #..)..#
# #.###..###.##........# #.....#
# #.....###..##....<...# #.....#
# ###.### #.###........####.....#
#####.# ###.####......#..........
##....###...##...........##.....#
##.#............@D.......####.###
..>..####.##.##..........# #.#
..####....#..#.†.....#...# ##.#
######......##.##....#...# #..#
...........##......####### #.##
######...#......##.###### ##.#
#..................###..#
#...#...............##.##
#...#..................#


You could see a five-headed hydra.

Vanquished Creatures
  Erolcha (D:9)
  A hydra (D:11)
  A two-headed ogre (D:10)
  Pikel (D:7)
  2 cyclopes (D:11)
  A freezing wraith (D:8)
  A troll (D:11)
  Grinder (D:5)
  2 hippogriffs
  A shadow (D:11)
  A wyvern (D:8)
  A vampire (D:10)
  4 yaks (D:9)
  The ghost of Anon1729 the Shooter, an amateur CeHu (D:3)
  A hungry ghost (D:10)
  Eustachio (D:5)
  Menkaure (D:5)
  A water moccasin (D:9)
  5 sky beasts
  A slave (D:7)
  3 ice beasts
  A phantom (D:4)
  5 ogres
  5 centaurs
  3 big kobolds
  6 bullfrogs
  2 scorpions
  3 killer bees (D:10)
  2 howler monkeys
  2 bullfrog zombies (D:10)
  2 crimson imps
  2 centaur zombies
  2 quasits
  A gnoll shaman (D:4)
  A centaur skeleton (D:4)
  4 orc priests
  6 hounds
  6 jellies
  Jessica (D:8)
  3 bullfrog skeletons
  2 iguanas
  11 orc wizards
  5 worker ants
  3 big kobold zombies (Ossuary)
  2 mummies (Ossuary)
  2 worker ant zombies
  2 howler monkey skeletons
  11 gnolls
  8 adders
  2 shadow imps
  8 oozes
  2 adder zombies
  4 worms
  2 adder skeletons
  3 leopard geckos (D:1)
  39 orcs
  2 bat skeletons (D:2)
  3 bat zombies
  4 giant cockroaches
  3 gnoll zombies (Ossuary)
  7 goblins
  6 hobgoblins
  9 jackals
  A quokka (D:6)
  A bat (D:3)
  3 frilled lizards
  3 goblin zombies (Ossuary)
  A hobgoblin zombie (Ossuary)
  2 jackal zombies (D:2)
  15 kobolds
  3 orc zombies (Ossuary)
  A quokka skeleton (D:4)
  2 quokka zombies (D:2)
  8 rats
  A rat zombie (D:4)
270 creatures vanquished.

Vanquished Creatures (collateral kills)
  A two-headed ogre (D:11)
  2 ugly things (D:11)
  A shining eye (shapeshifter) (D:11)
  A hippogriff (D:11)
  A shadow (D:11)
  A yak (D:9)
  A water moccasin (D:11)
  An ice beast (D:11)
  A crocodile (D:11)
  A centaur skeleton (D:11)
  2 iguanas (D:11)
  A kobold (D:9)
14 creatures vanquished.

Vanquished Creatures (others)
  A two-headed ogre (D:10)
1 creature vanquished.

Grand Total: 285 creatures vanquished

Notes
Turn   | Place    | Note
-------+----------+-------------------------------------------
     0 | D:1      | Mgcat the Troll Fighter began the quest for the Orb.
     0 | D:1      | Reached XP level 1. HP: 22/22 MP: 0/0
   309 | D:1      | Reached XP level 2. HP: 29/29 MP: 1/1
   697 | D:2      | Reached skill level 3 in Fighting
   701 | D:2      | Reached XP level 3. HP: 37/37 MP: 2/2
   730 | D:2      | Reached skill level 3 in Unarmed Combat
   954 | D:2      | Reached XP level 4. HP: 45/45 MP: 3/3
   992 | D:2      | Found a burning altar of Makhleb.
  1005 | D:2      | Became a worshipper of Makhleb the Destroyer
  1714 | D:3      | Noticed Anon1729's ghost (amateur CeHu)
  1720 | D:3      | Killed Anon1729's ghost
  1720 | D:3      | Reached skill level 4 in Fighting
  1720 | D:3      | Reached skill level 4 in Unarmed Combat
  1720 | D:3      | Reached XP level 5. HP: 39/54 MP: 4/4
  1720 | D:3      | Reached XP level 6. HP: 44/62 MP: 5/5
  2238 | D:3      | Found a hide-covered altar of Uskayaw.
  2486 | D:4      | Reached skill level 5 in Unarmed Combat
  2534 | D:4      | Found an ancient bone altar of Kikubaaqudgha.
  2584 | D:4      | Reached * piety under Makhleb
  2655 | D:4      | Found a sand-covered staircase.
  2660 | Ossuary  | Entered an ossuary
  2748 | Ossuary  | Reached skill level 5 in Fighting
  2761 | Ossuary  | Reached XP level 7. HP: 69/72 MP: 6/6
  3316 | D:4      | Found Uhepiq's Food Boutique.
  3325 | D:4      | Reached skill level 3 in Shields
  3325 | D:4      | Reached skill level 6 in Unarmed Combat
  3489 | D:4      | Reached ** piety under Makhleb
  3579 | D:5      | Entered Level 5 of the Dungeon
  3591 | D:5      | Noticed Eustachio
  3606 | D:5      | Found a stormy altar of Qazlal.
  3608 | D:5      | Killed Eustachio
  3622 | D:5      | Reached XP level 8. HP: 69/83 MP: 7/7
  3677 | D:5      | HP: 8/83 [ogre/giant club (30)]
  3769 | D:5      | Found a staircase to the Ecumenical Temple.
  3790 | D:5      | Noticed Menkaure
  3798 | D:5      | Killed Menkaure
  3798 | D:5      | Reached skill level 1 in Invocations
  3919 | D:5      | Reached skill level 6 in Fighting
  3919 | D:5      | Reached skill level 4 in Shields
  3943 | D:5      | Noticed Grinder
  3956 | D:5      | Paralysed by Grinder for 5 turns
  3961 | D:5      | HP: 19/83 [gnoll (2)]
  3967 | D:5      | Killed Grinder
  3967 | D:5      | Reached skill level 7 in Unarmed Combat
  3967 | D:5      | Reached skill level 2 in Invocations
  4467 | D:6      | Reached *** piety under Makhleb
  4509 | D:6      | Reached skill level 3 in Invocations
  4509 | D:6      | Reached XP level 9. HP: 60/92 MP: 10/10
  5021 | D:7      | Found the +3 warlock's mirror {reflect}
  5043 | D:7      | Found a blossoming altar of Fedhas.
  5158 | D:7      | Found a hazy altar of Hepliaklqana.
  5206 | D:7      | Found a blossoming altar of Fedhas.
  5246 | D:7      | Found a shimmering altar of Xom.
  5246 | D:7      | Found a sparkling altar of Nemelex Xobeh.
  5248 | D:7      | Found a white marble altar of Elyvilon.
  5365 | D:7      | Found a glowing silver altar of Zin.
  5365 | D:7      | Noticed Pikel
  5393 | D:7      | Killed Pikel
  5393 | D:7      | Reached skill level 5 in Shields
  5393 | D:7      | Reached skill level 8 in Unarmed Combat
  5393 | D:7      | Reached skill level 4 in Invocations
  5525 | D:7      | Reached skill level 7 in Fighting
  5764 | D:8      | Reached **** piety under Makhleb
  5770 | D:8      | Found Segyinuc's Antique Armour Boutique.
  5778 | D:8      | Bought a glowing robe for 111 gold pieces
  5778 | D:8      | Bought an embroidered robe for 111 gold pieces
  5909 | D:8      | Reached XP level 10. HP: 102/102 MP: 12/12
  6052 | D:8      | Noticed Jessica
  6061 | D:8      | Killed Jessica
  6071 | D:8      | Found a sparkling altar of Nemelex Xobeh.
  6184 | D:9      | Reached skill level 5 in Invocations
  6210 | D:8      | HP: 22/102 [freezing wraith (4)]
  6210 | D:8      | HP: 8/102 [freezing wraith (6)]
  6211 | D:8      | HP: 3/102 [freezing wraith (6)]
  6212 | D:8      | Reached skill level 6 in Shields
  6379 | D:9      | Found an iron altar of Okawaru.
  6460 | D:9      | Noticed Erolcha
  6475 | D:9      | Paralysed by Erolcha for 2 turns
  6480 | D:9      | Killed Erolcha
  6480 | D:9      | Reached skill level 9 in Unarmed Combat
  6686 | D:9      | Found a stormy altar of Qazlal.
  6717 | D:9      | Reached skill level 8 in Fighting
  6726 | D:9      | Reached skill level 6 in Invocations
  6775 | D:9      | Reached ***** piety under Makhleb
  7374 | D:10     | Entered Level 10 of the Dungeon
  7381 | D:10     | Killed a two-headed ogre
  7387 | D:10     | Found a white marble altar of Elyvilon.
  7712 | D:10     | Reached skill level 7 in Shields
  7873 | D:10     | Noticed a two-headed ogre
  7881 | D:10     | Killed a two-headed ogre
  7881 | D:10     | Reached XP level 11. HP: 113/113 MP: 14/14
  8199 | D:11     | Noticed an eight-headed hydra
  8208 | D:11     | Killed a nine-headed hydra
  8311 | D:11     | Noticed a shining eye
  8314 | D:11     | Gained mutation: You are weak. (Str -2) [a shining eye]
  8321 | D:11     | Killed a shining eye
  8429 | D:11     | Found a staircase to the Lair.
  8445 | D:11     | Reached skill level 10 in Unarmed Combat
  8462 | D:11     | Reached skill level 3 in Dodging
  8508 | D:11     | Noticed a brown ugly thing
  8516 | D:11     | Killed a brown ugly thing
  8520 | D:11     | Reached skill level 7 in Invocations
  8545 | D:11     | Noticed a cyan ugly thing
  8553 | D:11     | Killed a cyan ugly thing
  8640 | D:11     | Found a staircase to the Orcish Mines.
  8733 | D:11     | Noticed a two-headed ogre
  8746 | D:11     | Killed a two-headed ogre
  8747 | D:11     | Noticed a five-headed hydra
  8747 | D:11     | Noticed a two-headed ogre
  8908 | D:10     | HP: 20/113 [five-headed hydra (12)]
  8910 | D:10     | HP: 4/113 [five-headed hydra (13)]
  8911 | D:10     | Mangled by a five-headed hydra

Vault maps used:
D:1:      dpeg_arrival_pond
D:2:      makhleb_blood_cavern_becter, serial_undead, serial_undead_a,
          serial_undead_a, serial_undead_a, serial_undead_a, minmay_misc_feat_x
D:3:      lemuel_coloured_pillars_altar
D:4:      lemuel_zombie_altar_kikubaaqudgha, first_ration, enter_ossuary_2,
          serial_shops, shop_fountains
D:5:      minmay_temple_entry_junction, basic_altar, nrook_uturn, uniq_menkaure,
          uniq_grinder, uniq_eustachio
D:6:      lemuel_old_faithful
D:7:      nicolae_overflow_crystal_walls, zin_academy,
          gammafunk_temple_overflow_claw, lemuel_doored_altar, basic_altar,
          uniq_pikel
D:8:      serial_shops, shop, hangedman_little_slice_of_home,
          nemelex_lonely_heart_becter
D:9:      kennysheep_okawaru_gauntlet, overflow_temple_1_default, uniq_erolcha
D:10:     basic_altar, lemuel_flamethrower_hall
D:11:     hangedman_cross_cluster, uniq_psyche
Ossuary:  minmay_ossuary_gauntlet

Skill      XL: |  1  2  3  4  5  6  7  8  9 10 11 |
---------------+----------------------------------+-----
Fighting       | 3 4 5 6 7 8 |  8.9
Unarmed Combat | 3 4 5 6 7 8 9 10 | 10.3
Shields        | 3 4 5 7 |  7.6
Invocations    | 3 4 6 7 |  7.3
Dodging        | 3 |  3.7

Action                   |  1- 3 |  4- 6 |  7- 9 | 10-12 || total
-------------------------+-------+-------+-------+-------++-------
Melee: Unarmed           |    84 |   161 |   360 |   301 ||   906
Invok: Minor Destruction |       |       |       |     5 ||     5
       Lesser Servant of |       |       |       |     6 ||     6
       Major Destruction |       |       |       |     4 ||     4
Evoke: Wand              |       |       |       |     1 ||     1
  Use: Potion            |       |     1 |     3 |     3 ||     7
       Scroll            |       |     9 |       |     6 ||    15
 Stab: Sleeping          |       |       |       |     2 ||     2
  Eat: Chunk             |    13 |    18 |    29 |    27 ||    87
       Ration            |       |       |       |     1 ||     1
Armor: Robe              |    17 |    42 |    87 |    64 ||   210
Dodge: Dodged            |    21 |    49 |   112 |   130 ||   312
Block: Shield            |    34 |    74 |   146 |   140 ||   394

Table legend:
 A = Spawn XP
 B = Non-spawn XP
 C = Spawn XP percentage of total XP
 D = Spawn monster count
 E = Non-spawn monster count
 F = Spawn count percentage of total count
 G = Total turns spent on level
                    A         B        C        D         E        F      G
               +---------+---------+-------+---------+---------+-------+---------
         Total |       0 |   17715 |   0.0 |       0 |     283 |   0.0 |  8911
               +---------+---------+-------+---------+---------+-------+---------
           D:1 |       0 |      26 |   0.0 |       0 |      14 |   0.0 |   594
           D:2 |       0 |     136 |   0.0 |       0 |      27 |   0.0 |  1015
           D:3 |       0 |     242 |   0.0 |       0 |      17 |   0.0 |   744
           D:4 |       0 |     613 |   0.0 |       0 |      33 |   0.0 |  1070
           D:5 |       0 |    1348 |   0.0 |       0 |      27 |   0.0 |   780
           D:6 |       0 |     564 |   0.0 |       0 |      16 |   0.0 |   648
           D:7 |       0 |    1052 |   0.0 |       0 |      16 |   0.0 |   508
           D:8 |       0 |    2025 |   0.0 |       0 |      36 |   0.0 |   763
           D:9 |       0 |    3491 |   0.0 |       0 |      35 |   0.0 |  1118
          D:10 |       0 |    2133 |   0.0 |       0 |      13 |   0.0 |   904
          D:11 |       0 |    5914 |   0.0 |       0 |      33 |   0.0 |   601
       Ossuary |       0 |     171 |   0.0 |       0 |      16 |   0.0 |   166
               +---------+---------+-------+---------+---------+-------+---------

Vault maps used:
D:1:      dpeg_arrival_pond
D:2:      makhleb_blood_cavern_becter, serial_undead, serial_undead_a,
          serial_undead_a, serial_undead_a, serial_undead_a, minmay_misc_feat_x
D:3:      lemuel_coloured_pillars_altar
D:4:      lemuel_zombie_altar_kikubaaqudgha, first_ration, enter_ossuary_2,
          serial_shops, shop_fountains
D:5:      minmay_temple_entry_junction, basic_altar, nrook_uturn, uniq_menkaure,
          uniq_grinder, uniq_eustachio
D:6:      lemuel_old_faithful
D:7:      nicolae_overflow_crystal_walls, zin_academy,
          gammafunk_temple_overflow_claw, lemuel_doored_altar, basic_altar,
          uniq_pikel
D:8:      serial_shops, shop, hangedman_little_slice_of_home,
          nemelex_lonely_heart_becter
D:9:      kennysheep_okawaru_gauntlet, overflow_temple_1_default, uniq_erolcha
D:10:     basic_altar, lemuel_flamethrower_hall
D:11:     hangedman_cross_cluster, uniq_psyche
Ossuary:  minmay_ossuary_gauntlet

Table legend:
 A = Turns spent in this place as a percentage of turns spent in the entire game.
 B = Non-inter-level travel turns spent in this place as a percentage of non-inter-level travel turns spent in the entire game.
 C = Inter-level travel turns spent in this place as a percentage of turns spent in this place.
 D = Turns resting spent in this place as a percentage of non-inter-level travel turns spent in this place.
 E = Turns spent auto-exploring this place as a percentage of non-inter-level travel turns spent in this place.
 F = Non-inter-level travel turns spent in this place divided by the number of levels of this place that you've seen.
                   A       B       C       D       E      F
               +-------+-------+-------+-------+-------+----------------------
         Total | 100.0 | 100.0 |   4.8 |   1.4 |  73.5 | 707.1
       Dungeon |  98.1 |  98.0 |   4.9 |   1.4 |  74.2 | 756.3
       Ossuary |   1.9 |   2.0 |   0.0 |   0.0 |  39.8 | 166.0
               +-------+-------+-------+-------+-------+----------------------

Table legend:
 A = Kills in this place as a percentage of kills in entire the game.
 B = Kills by you in this place as a percentage of kills by you in the entire game.
 C = Kills by friends in this place as a percentage of kills by friends in the entire game.
 D = Other kills in this place as a percentage of other kills in the entire game.
 E = Experience gained in this place as a percentage of experience gained in the entire game.
 F = Experience gained in this place divided by the number of levels of this place that you have seen.
                   A       B       C       D       E      F
               +-------+-------+-------+-------+-------+----------------------
         Total | 100.0 | 100.0 | 100.0 |   N/A | 100.0 | 1476.2
       Dungeon |  94.3 |  94.1 | 100.0 |   N/A |  99.0 | 1594.9
       Ossuary |   5.7 |   5.9 |   0.0 |   N/A |   1.0 | 171.0
               +-------+-------+-------+-------+-------+----------------------
